 Dungeon Crawl Stone Soup version 0.26-a0-259-g1effd001a9 (webtiles) character file.

Game seed: 6760868726269827205

635532 mortelune the Slayer (level 27, -2/222 HPs)
             Began as a Formicid Abyssal Knight on July 18, 2020.
             Was the Champion of Lugonu.
             Killed from afar by an orb of fire (11 damage)
             ... with a fireball
             ... on level 5 of the Realm of Zot.
             The game lasted 04:09:29 (99293 turns).

mortelune the Slayer (Formicid Abyssal Knight)     Turns: 99293, Time: 04:09:30

Health: -2/222     AC: 40    Str: 28    XL:     27
Magic:  35/36      EV: 23    Int: 20    God:    Lugonu [******]
Gold:   7235       SH: 27    Dex: 20    Spells: 20/26 levels left

rFire    + + +     SeeInvis +   a - +10 zealot's sword {holy, *Rage rN+ EV+3}
rCold    + + +     Faith    .   x - +5 tower shield {reflect}
rNeg     + + +     Spirit   .   p - +12 gold dragon scales
rPois    +         Reflect  +   (helmet unavailable)
rElec    +         Harm     .   F - +4 dragonskin cloak
rCorr    .                      v - +0 pair of fencer's gloves {Riposte Dex+3}
MR       ++++.                  M - +0 pair of boots of Valour {rN+ Int+6}
Stlth    ..........             K - amulet of Vegryebu {Acrobat MR++ Int+5}
HPRegen  0.00/turn              O - +4 ring of evasion
MPRegen  0.25/turn              I - ring of Qoblusi {rF++ rC+ Int-2 Dex+4 SInv}

@: mighty, studying Translocations, lightly drained
A: permanent stasis, dig shafts and tunnels, four strong arms, antennae 3,
blurry vision 1, deformed body, deterioration 1, frail 1, inhibited
regeneration, no potion heal 1
}: 3/15 runes: decaying, silver, gossamer
a: Dig, Shaft Self, Depart the Abyss, Bend Space, Banish, Corrupt, Enter the
Abyss, Brand Weapon With Distortion, Renounce Religion


You were on level 5 of the Realm of Zot.
You worshipped Lugonu.
Lugonu was exalted by your worship.
You were not hungry.

You visited 10 branches of the dungeon, and saw 52 of its levels.
You visited the Abyss 1 time.
You also visited: Trove, Gauntlet and Ice Cave.

You collected 9700 gold pieces.
You spent 2465 gold pieces at shops.

Inventory:

Hand Weapons
 a - the +10 zealot's sword (weapon) {holy, *Rage rN+ EV+3}
   (You took it off a deep elf death mage on level 3 of the Elven Halls)

   It has been blessed by the Shining One to cause great damage to the undead
   and demons.
   It affects your evasion (+3).
   It protects you from negative energy.
   It may make you go berserk in combat.
 b - the +8 hand crossbow of Pain and Death {flame, rElec rF+ Int+2}
   (You took it off a minotaur in a Gauntlet)

   It causes projectiles fired from it to burn those they strike, causing extra
   injury to most foes and up to half again as much damage against particularly
   susceptible opponents.
   It affects your intelligence (+2).
   It protects you from fire.
   It insulates you from electricity.
Missiles
 u - 15 silver javelins (quivered)
 Q - 1661 bolts
 Z - 11 javelins
Armour
 p - +12 gold dragon scales (worn)
 v - the +0 pair of fencer's gloves (worn) {Riposte Dex+3}
   (You found it on level 1 of the Crypt)

   It affects your dexterity (+3).
 x - a +5 tower shield of reflection (worn)
 y - the +1 cloak of Starlight {rElec rC+ EV+4 Stlth--}
   (You found it in an ice cave)

   It affects your evasion (+4).
   It protects you from cold.
   It insulates you from electricity.
   It makes you much less stealthy.
 E - a +1 pair of boots of flying
 F - the +4 dragonskin cloak (worn)
   (You took it off Tiamat on level 2 of the Realm of Zot)
 M - the +0 pair of boots of Valour (worn) {rN+ Int+6}
   (You found it in a Gauntlet)

   It affects your intelligence (+6).
   It protects you from negative energy.
Jewellery
 j - the amulet of Tewotz {Acrobat *Slow rN++ SInv}
   (You took it off a frost giant on level 2 of the Depths)

   [amulet of the acrobat]

   It helps you evade while moving and waiting.
   It greatly protects you from negative energy.
   It lets you see invisible.
   It may slow you when you take damage.
 o - the ring of Roof {rElec rN+ Int+4 SInv Stlth+}
   (You found it in a treasure trove)

   [ring of positive energy]

   It affects your intelligence (+4).
   It insulates you from electricity.
   It protects you from negative energy.
   It lets you see invisible.
   It makes you more stealthy.
 C - an uncursed ring of resist corrosion
 I - the ring of Qoblusi (right hand) {rF++ rC+ Int-2 Dex+4 SInv}
   (You acquired it on level 1 of the Crypt)

   [ring of dexterity]

   It affects your intelligence (-2).
   It affects your dexterity (+4).
   It greatly protects you from fire.
   It protects you from cold.
   It lets you see invisible.
 K - the amulet of Vegryebu (around neck) {Acrobat MR++ Int+5}
   (You acquired it on level 2 of the Elven Halls)

   [amulet of the acrobat]

   It helps you evade while moving and waiting.
   It affects your intelligence (+5).
   It affects your resistance to hostile enchantments.
 O - a +4 ring of evasion (left hand)
 R - an uncursed amulet of regeneration
 W - the ring of Ephemeral Luck {rPois rF+ rC+}
   (You took it off a vault warden on level 5 of the Vaults)

   [ring of poison resistance]

   It protects you from fire.
   It protects you from cold.
   It protects you from poison.
Wands
 D - a wand of digging (16)
 H - a wand of clouds (22)
 V - a wand of polymorph (11)
 Y - a wand of acid (41)
Scrolls
 e - 12 scrolls of fear
 f - 12 scrolls of fog
 i - 7 scrolls of identify
 k - 8 scrolls of enchant weapon
 r - 2 scrolls of magic mapping
 s - 16 scrolls of amnesia
 t - 3 scrolls of holy word
 A - 3 scrolls of brand weapon
 J - 4 scrolls of silence
 N - 8 scrolls of immolation
 S - 16 scrolls of remove curse
Potions
 d - 4 potions of flight
 l - 8 potions of ambrosia
 m - 2 potions of invisibility
 n - 15 potions of heal wounds
 q - 5 potions of cancellation
 w - 13 potions of brilliance
 z - 12 potions of resistance
 B - 6 potions of mutation
 G - 8 potions of might
 P - 13 potions of curing
 T - 4 potions of magic
Books
 X - a manual of Translocations
Miscellaneous
 g - a phial of floods
 h - 3 phantom mirrors
Comestibles
 c - 128 rations


   Skills:
 + Level 26.7(26.6) Fighting
   Level 1.9(15.0) Short Blades
 + Level 22.0(21.9) Long Blades
 - Level 14.0(13.8) Crossbows
 - Level 9.0(8.8) Throwing
 - Level 23.5(23.3) Armour
 - Level 14.0(13.8) Dodging
 - Level 15.0(14.8) Shields
 + Level 19.0(18.8) Invocations


You had 20 spell levels left.
You knew the following spells:

 Your Spells              Type           Power        Failure   Level
a - Shroud of Golubria    Chrm/Tloc      #.....       94%         2
b - Passage of Golubria   Tloc           N/A          100%        4

Your spell library contained the following spells:

 Spells                   Type           Power        Failure   Level
 Animate Skeleton         Necr           #.....       86%         1
 Apportation              Tloc           #.....       86%         1
 Beastly Appendage        Tmut           #.....       86%         1
 Corona                   Hex            #......      86%         1
 Foxfire                  Conj/Fire      #...         86%         1
 Freeze                   Ice            #...         86%         1
 Infusion                 Chrm           #...         86%         1
 Magic Dart               Conj           #...         86%         1
 Pain                     Necr           #...         86%         1
 Sandblast                Erth           #.....       86%         1
 Sting                    Tmut/Pois      #...         86%         1
 Summon Butterflies       Summ           #.......     86%         1
 Summon Small Mammal      Summ           #...         86%         1
 Call Imp                 Summ           #.......     94%         2
 Corpse Rot               Necr/Air       N/A          94%         2
 Ensorcelled Hibernation  Hex/Ice        #.....       94%         2
 Passwall                 Tmut/Erth      #.......     94%         2
 Poisonous Vapours        Pois/Air       #.....       94%         2
 Searing Ray              Conj           #.....       94%         2
 Slow                     Hex            #.......     94%         2
 Song of Slaying          Chrm           #.......     94%         2
 Sticks to Snakes         Tmut           #.......     94%         2
 Call Canine Familiar     Summ           #.......     99%         3
 Conjure Flame            Conj/Fire      #.......     99%         3
 Dazzling Flash           Conj/Hex       #.....       99%         3
 Frozen Ramparts          Ice            #.....       99%         3
 Gell's Gravitas          Tloc           #.........   99%         3
 Ignite Poison            Fire/Tmut/Pois #.......     99%         3
 Inner Flame              Hex/Fire       #.......     99%         3
 Lesser Beckoning         Tloc           #.........   99%         3
 Mephitic Cloud           Conj/Pois/Air  #.......     99%         3
 Ozocubu's Armour         Chrm/Ice       #.......     99%         3
 Portal Projectile        Hex/Tloc       #.....       99%         3
 Spectral Weapon          Hex/Chrm       #.......     99%         3
 Spider Form              Tmut/Pois      #.........   99%         3
 Static Discharge         Conj/Air       #.......     99%         3
 Stone Arrow              Conj/Erth      #.....       99%         3
 Summon Guardian Golem    Hex/Summ       #.......     99%         3
 Teleport Other           Tloc           #.......     99%         3
 Tukima's Dance           Hex            #.......     99%         3
 Vampiric Draining        Necr           #.........   99%         3
 Animate Dead             Necr           #.........   100%        4
 Cause Fear               Hex            #.........   100%        4
 Dispel Undead            Necr           #.......     100%        4
 Fulminant Prism          Conj/Hex       #.........   100%        4
 Hailstorm                Conj/Ice       #.......     100%        4
 Ice Form                 Ice/Tmut       #.......     100%        4
 Iskenderun's Mystic Bla  Conj/Tloc      #.......     100%        4
 Leda's Liquefaction      Hex/Erth       #.........   100%        4
 Olgreb's Toxic Radiance  Pois           #.......     100%        4
 Petrify                  Tmut/Erth      #.......     100%        4
 Sticky Flame             Conj/Fire      #.......     100%        4
 Summon Ice Beast         Ice/Summ       #.......     100%        4
 Summon Lightning Spire   Summ/Air       #.......     100%        4
 Agony                    Necr           #.......     100%        5
 Alistair's Intoxication  Tmut/Pois      #.......     100%        5
 Blade Hands              Tmut           #.........   100%        5
 Bolt of Magma            Conj/Fire/Erth #.........   100%        5
 Borgnjor's Vile Clutch   Necr/Erth      #.........   100%        5
 Fireball                 Conj/Fire      #.........   100%        5
 Irradiate                Conj/Tmut      #.........   100%        5
 Lee's Rapid Deconstruct  Erth           #.........   100%        5
 Lightning Bolt           Conj/Air       #.........   100%        5
 Metabolic Englaciation   Hex/Ice        #.........   100%        5
 Silence                  Hex/Air        #.........   100%        5
 Summon Forest            Summ/Tloc      #.........   100%        5
 Yara's Violent Unravell  Hex/Tmut       #.........   100%        5
 Conjure Ball Lightning   Conj/Air       #.........   100%        6
 Darkness                 Hex            #.........   100%        6
 Dispersal                Tloc           #.........   100%        6
 Eringya's Noxious Bog    Tmut/Pois      #.........   100%        6
 Freezing Cloud           Conj/Ice/Air   #.........   100%        6
 Hydra Form               Tmut           #.........   100%        6
 Invisibility             Hex            #.......     100%        6
 Iron Shot                Conj/Erth      #.........   100%        6
 Ozocubu's Refrigeration  Ice            #.........   100%        6
 Shadow Creatures         Summ           N/A          100%        6
 Simulacrum               Ice/Necr       #.........   100%        6
 Statue Form              Tmut/Erth      #........    100%        6
 Dragon Form              Tmut           #.........   100%        7
 Ring of Flames           Chrm/Fire      #.........   100%        7
 Summon Hydra             Summ           #.........   100%        7
 Chain Lightning          Conj/Air       #.........   100%        8
 Discord                  Hex            #.........   100%        8
 Disjunction              Tloc           #.........   100%        8
 Ignition                 Fire           #.........   100%        8
 Lehudib's Crystal Spear  Conj/Erth      #.........   100%        8
 Absolute Zero            Ice            #.........   100%        9
 Fire Storm               Conj/Fire      #.........   100%        9
 Shatter                  Erth           #.........   100%        9
 Tornado                  Air            #.........   100%        9
 Blink                    Tloc           Unusable     N/A         2
 Swiftness                Chrm/Air       Unusable     N/A         2
 Controlled Blink         Tloc           Unusable     N/A         8

Dungeon Overview and Level Annotations

Branches:
Dungeon (15/15)            Temple (0/1) D:5            Lair (6/6) D:10
  Swamp (4/4) Lair:3       Spider (4/4) Lair:3        Slime (0/5) Lair:5
    Orc (2/2) D:11            Elf (3/3) Orc:2        Vaults (5/5) D:14
  Crypt (3/3) Vaults:2       Tomb (0/3) Crypt:3      Depths (5/5) D:15
    Zot (5/5) Depths:5      IceCv (visited)         Gauntlet (visited)

Altars:
Fedhas
Kikubaaqudgha
Makhleb
Nemelex Xobeh
Qazlal
Ru
Sif Muna
Trog
Uskayaw
Vehumet
Wu Jian
Xom
Yredelemnul
Jiyva

Shops:
D:9 !=[*   D:14 (   Orc:2 !?=!%   Vaults:1 :([%   Depths:3 *

Portals:
Hell: Depths:1 Depths:2 Depths:3 Depths:4 Depths:5
Abyss: Depths:1 Depths:2 Depths:4 Depths:5
Pandemonium: Depths:1 Depths:3
Ziggurat: Depths:1

Annotations:
D:4 3 runed translucent doors, Apogee's ghost, amateur HOGl
D:5 2 transporters, drasked's ghost, amateur SpEn
D:11 corrupted
Swamp:3 3 runed translucent doors, corrupted
Spider:2 Roxanne
Elf:3 corrupted
Vaults:3 corrupted
Crypt:1 1 transporter, corrupted
Crypt:3 corrupted
Zot:5 corrupted
Abyss:1 Nergalle


Innate Abilities, Weirdness & Mutations

You cannot be hasted, slowed, berserked, paralysed or teleported.
You can dig through walls and to a lower floor.
Your four strong arms can wield two-handed weapons with a shield.
You have a pair of large antennae on your head. (SInv)
Scrolls take you a little longer to read.
Armour fits poorly on your strangely shaped body.
Your body sometimes deteriorates upon taking damage.
You are frail. (-10% HP)
You do not regenerate when monsters are visible.
Potions are less effective at restoring your health.


Message History

* * * LOW HITPOINT WARNING * * *
The fireball engulfs the orb of fire.
The orb of fire completely resists.
The fireball engulfs the orb of fire.
The orb of fire completely resists.
The fireball engulfs the orb of fire.
The orb of fire completely resists.
The fireball engulfs the orb of fire.
The orb of fire completely resists.
The orb of fire glows red.
The fireball explodes!
The fireball engulfs the orb of fire.
The orb of fire completely resists.
The fireball engulfs the orb of fire.
The orb of fire completely resists.
The fireball engulfs the orb of fire.
The orb of fire completely resists.
The fireball engulfs you. You resist.
* * * LOW HITPOINT WARNING * * *
The fireball engulfs the orb of fire.
The orb of fire completely resists.
The fireball engulfs the orb of fire.
The orb of fire completely resists.
A tentacle flies out from the starspawn's body!
The starspawn tentacle grabs the neqoxec.
The starspawn tentacle constricts the neqoxec.
The neqoxec dies!
The orb of fire glows red.
The fireball explodes!
The fireball engulfs you! You resist.
You die...

#....†...# ###...<..# ####...#
#)#### ##.# ###
################ #######
##.......**@....## #......
##.......w****....## ##.....
##........X..8......## #.....
#.#...^..<...*.......# ##....
#.........\#.........# #....
#.#........w.........# ##....
#......#.D.Xw........# #.....
#.................(.^# ##.....
#...#........#.......###......


You could see 7 orbs of fire, an electric golem, a golden dragon, 2 neutral
tentacled starspawn and 3 neutral starspawn tentacles.

Vanquished Creatures
  Tiamat (Zot:2)
  Khufu (Crypt:3)
  2 ancient liches
  A juggernaut (Depths:3)
  Sojobo (Vaults:2)
  2 shard shrikes (Zot:3)
  Boris (twice) (Crypt:2 Crypt:3)
  Frederick (Vaults:2)
  Saint Roka (Vaults:2)
  Margery (Vaults:2)
  5 caustic shrikes
  Nikola (Spider:1)
  6 golden dragons
  Jory (Vaults:3)
  Arachne (Spider:2)
  A bone dragon (Crypt:3)
  4 electric golems
  A Tzitzimitl (Depths:1)
  8 tentacled monstrosities
  5 titans
  9 Orb Guardians (Zot:5)
  Asterion (Spider:3)
  4 quicksilver dragons
  4 liches
  2 sphinxes
  Gastronok (Lair:1)
  2 thorn hunters (Swamp:4)
  9 death cobs
  6 storm dragons
  Donald (Elf:3)
  15 shadow dragons
  7 tengu reavers
  3 ancient champions
  A draconian monk (Zot:3)
  3 revenants
  5 fire giants
  25 frost giants
  An iron dragon (Vaults:4)
  6 deep elf sorcerers
  2 draconian scorchers
  3 draconian knights
  7 ghost moths
  19 vault wardens
  2 emperor scorpions (Spider:4)
  3 draconian annihilators (Zot:3)
  4 ghouls
  5 draconian stormcallers
  An orc warlord (Orc:1)
  A war gargoyle (Vaults:5)
  2 deep elf elementalists
  7 spriggan defenders
  6 draconian shifters
  3 reapers (Depths:1)
  25 stone giants
  5 entropy weavers
  The ghost of Xenophilius the Blocker, a journeyman MfFi of Okawaru (Orc:1)
  13 ironheart preservers
  11 very ugly things
  9 green draconians
  11 vampire knights
  Azrael (Lair:3)
  17 yellow draconians
  11 red draconians
  A dire elephant (Lair:6)
  10 black draconians
  A minotaur (Gauntlet)
  13 spark wasps
  16 ettins
  11 white draconians
  A spark wasp (shapeshifter) (Depths:3)
  10 deep elf death magi
  3 deep elf annihilators
  12 purple draconians
  A blizzard demon (Gauntlet)
  An eidolon (Crypt:1)
  A mummy priest (Crypt:3)
  10 fire dragons
  An ettin (shapeshifter) (Vaults:5)
  2 deep elf high priests
  17 yaktaur captains
  14 jiangshi
  A monstrous demonspawn (Depths:3)
  Erolcha (D:11)
  5 great orbs of eyes
  19 ice dragons
  5 rakshasas
  A hydra (shapeshifter) (D:13)
  A juggernaut simulacrum (Depths:1)
  A hell beast (Depths:3)
  A catoblepas (Lair:5)
  26 vault guards
  9 hydras
  7 spriggan air magi
  2 shambling mangroves (Swamp:4)
  8 centaur warriors
  7 death knights
  14 ogre magi
  22 dancing weapons
  An anaconda (shapeshifter) (Depths:2)
  8 deep troll shamans
  A death yak (Lair:4)
  57 two-headed ogres
  11 alligators
  7 deep troll earth magi
  4 vampire magi
  2 orc high priests (Orc:1)
  6 spriggan berserkers
  10 tengu warriors
  6 soul eaters
  20 deep elf knights
  6 hell knights
  A shadow wraith (Crypt:3)
  A fire crab (shapeshifter) (Elf:1)
  5 iron trolls
  A salamander mystic (Depths:4)
  20 deep trolls
  27 skeletal warriors
  A sea snake (shapeshifter) (Vaults:5)
  3 wizards
  A spectral anaconda (Crypt:3)
  2 spark wasp zombies
  4 unseen horrors
  5 flayed ghosts
  4 spriggan druids
  A spectral hydra (Swamp:4)
  2 golden dragon skeletons
  4 glowing orange brains
  7 deep elf archers
  20 ironbrand convokers
  A ghost moth zombie (Crypt:2)
  A shadow dragon zombie (Vaults:5)
  An anaconda skeleton (Crypt:2)
  11 swamp dragons
  11 phantasmal warriors
  17 necromancers
  6 harpies
  13 orb spiders
  23 ugly things
  51 deep elf magi
  2 sphinx zombies (Depths:3)
  9 orc knights
  30 wolf spiders
  A manticore (D:15)
  A tengu skeleton (Depths:3)
  4 orc sorcerers
  2 stone giant zombies
  3 salamanders (Depths:4)
  A manticore (shapeshifter) (Depths:5)
  3 elephants (Lair:3)
  5 oklob plants
  4 cyclopes
  A frost giant zombie (Depths:1)
  Joseph (D:9)
  A guardian serpent (Elf:3)
  An iron dragon skeleton (Vaults:5)
  22 moths of wrath
  2 black mambas
  An elephant (shapeshifter) (Vaults:3)
  A frost giant skeleton (Vaults:4)
  14 vault sentinels
  2 gargoyles
  3 ice statues (IceCv)
  2 stone giant skeletons
  5 torpor snails
  A guardian serpent (shapeshifter) (Depths:1)
  A storm dragon simulacrum (Crypt:2)
  14 cane toads
  58 yaktaurs
  A rime drake (shapeshifter) (Vaults:2)
  4 spriggan zombies (Depths:1)
  A yaktaur (shapeshifter) (Vaults:4)
  A spark wasp simulacrum (Depths:1)
  4 rime drakes
  2 kobold demonologists (D:13)
  A redback zombie (Crypt:1)
  11 freezing wraiths
  8 komodo dragons
  9 demonic crawlers
  A merfolk (shapeshifter) (Depths:3)
  3 yaktaur skeletons (Depths:1)
  32 jumping spiders
  3 guardian mummies
  20 trolls
  2 red devils
  14 ice devils
  3 tengu conjurers
  A hornet (shapeshifter) (Depths:2)
  2 death drake zombies (Swamp:4)
  13 polar bears
  A troll (shapeshifter) (Vaults:4)
  A wolf spider simulacrum (Crypt:3)
  Prince Ribbit (D:6)
  A jumping spider (shapeshifter) (Vaults:5)
  20 hornets
  A blink frog (shapeshifter) (Depths:2)
  An ettin zombie (Vaults:4)
  14 tyrant leeches
  4 bog bodies
  6 hippogriffs
  3 hydra skeletons
  3 death drake skeletons
  9 blink frogs
  37 slime creatures
  A meliai zombie (D:15)
  4 raiju (Lair:6)
  17 dream sheep
  2 stone giant simulacra
  An ice dragon zombie (Depths:1)
  2 frost giant simulacra (Depths:1)
  2 dream sheep (shapeshifter)
  70 redbacks
  A deep troll zombie (Depths:1)
  2 iron dragon simulacra (Depths:1)
  A human simulacrum (Vaults:5)
  An alligator zombie (Crypt:2)
  2 fire dragon skeletons (Depths:1)
  A vampire (D:14)
  An ettin skeleton (Vaults:4)
  64 flying skulls
  5 water elementals
  10 spriggans
  2 elf simulacra
  A tarantella (shapeshifter) (Depths:1)
  11 wraiths
  A spriggan (shapeshifter) (Depths:3)
  2 spriggan skeletons (Depths:1)
  5 air elementals
  36 tarantellas
  A shadow (Swamp:2)
  10 fire elementals
  A yak (shapeshifter) (Depths:3)
  2 wyverns
  14 vampire mosquitoes
  4 basilisks
  5 chaos spawn
  27 yaks
  2 spriggan simulacra (Depths:1)
  20 swamp worms
  2 swamp worms (shapeshifter) (Vaults:5)
  3 acid dragons (Lair:6)
  6 insubstantial wisps (Swamp:1)
  10 wargs
  7 water moccasins
  5 hydra simulacra (Swamp:4)
  2 spectral snapping turtles (Crypt:3)
  6 porcupines
  39 orc warriors
  16 hell hounds
  6 swamp drakes
  5 large abominations
  12 black bears
  A floating eye (shapeshifter) (Vaults:4)
  5 ice beasts
  A cane toad skeleton (Crypt:2)
  2 human zombies (Vaults:3)
  A manticore zombie (Crypt:1)
  A swamp dragon zombie (Swamp:4)
  3 phantoms
  4 sky beasts
  4 necrophages (Crypt:3)
  A fire dragon simulacrum (Depths:1)
  25 wolves
  5 boggarts
  24 centaurs
  A dream sheep skeleton (Crypt:2)
  3 swamp dragon skeletons (Swamp:4)
  50 ogres
  12 crocodiles
  An elf skeleton (Vaults:5)
  A human skeleton (Vaults:4)
  5 big kobolds
  4 elf zombies (Elf:1)
  9 small abominations
  A yaktaur zombie (Depths:1)
  6 bullfrogs
  4 earth elementals
  A wyvern skeleton (D:13)
  A komodo dragon skeleton (Crypt:2)
  3 scorpions
  A warg skeleton (Crypt:1)
  9 killer bees
  22 wights
  A yak skeleton (Crypt:1)
  An electric eel (Lair:2)
  2 howler monkeys (D:12)
  A wolf skeleton (Crypt:2)
  4 bullfrog zombies
  4 centaur zombies
  4 draconian simulacra (IceCv)
  A quasit (D:10)
  7 hounds
  A hound (shapeshifter) (Vaults:5)
  A bullfrog skeleton (Crypt:1)
  3 jellies
  24 orc priests
  27 orc wizards
  7 centaur skeletons
  6 worker ants
  13 iguanas
  A tengu simulacrum (Depths:1)
  A troll simulacrum (IceCv)
  A killer bee zombie (D:10)
  A naga zombie (Crypt:2)
  A tengu zombie (Crypt:1)
  A centaur simulacrum (IceCv)
  2 hound zombies
  A hound skeleton (D:9)
  A worker ant zombie (D:7)
  3 ogre simulacra (IceCv)
  12 adders
  A naga simulacrum (IceCv)
  3 shadow imps
  A white imp (D:6)
  2 ufetubi (D:6)
  2 oozes
  An iguana zombie (Crypt:1)
  3 adder skeletons
  2 worms
  2 dart slugs
  5 leopard geckos
  121 orcs
  2 giant cockroaches
  2 goblins
  A hobgoblin (D:10)
  11 jackals
  7 quokkas
  A ball python (D:3)
  A ball python zombie (D:5)
  3 bats
  A frilled lizard (D:2)
  A frilled lizard zombie (Crypt:1)
  A giant cockroach zombie (D:6)
  A jackal skeleton (D:8)
  10 kobolds
  A quokka skeleton (D:7)
  A quokka zombie (D:9)
  4 rats
  2 briar patches (Swamp:4)
  2 plants
2379 creatures vanquished.

Vanquished Creatures (collateral kills)
  The ghost of Isedumueph the Tortoise, a veteran HuFi of Hepliaklqana (Vaults:2)
  A hydra zombie (Swamp:4)
  A spriggan druid (Swamp:4)
3 creatures vanquished.

Vanquished Creatures (others)
  2 ancient liches (Crypt:1)
  Mara (Vaults:3)
  A caustic shrike (Depths:3)
  A profane servitor (Crypt:3)
  A lich (Crypt:3)
  Jorgrun (D:11)
  2 deep elf master archers (Elf:3)
  A deep elf blademaster (Elf:3)
  The ghost of Pesk the Omniscient, an adept GnWn of Ashenzari (Swamp:3)
  4 ancient champions (Crypt:1)
  A draconian knight (Zot:3)
  A fire giant (Vaults:5)
  6 deep elf sorcerers (Elf:3)
  A deep elf elementalist (Elf:3)
  An ironheart preserver (Vaults:3)
  A slime creature (D:15)
  5 deep elf annihilators (Elf:3)
  A vampire knight (Swamp:3)
  4 deep elf demonologists (Elf:3)
  A spark wasp (Depths:2)
  A green death (Gauntlet)
  2 eidola (Crypt:1)
  6 deep elf death magi
  A mummy priest (Crypt:3)
  3 ogre magi
  5 deep elf high priests (Elf:3)
  8 hydras
  A ghost crab (Swamp:3)
  A death knight (Vaults:4)
  A deep troll shaman (Depths:1)
  A tengu warrior (Depths:4)
  2 vampire magi (Crypt:1)
  2 deep elf knights
  2 shadow wraiths (Crypt:3)
  A skeletal warrior (D:11)
  An unseen horror (D:15)
  A deep troll (Depths:1)
  2 flayed ghosts (Crypt:3)
  An orc knight (Vaults:3)
  3 necromancers (Crypt:1)
  4 deep elf magi
  A manticore (D:11)
  3 ugly things
  A wolf spider (Vaults:3)
  An orb spider (Spider:2)
  A water nymph (shapeshifter) (Gauntlet)
  An orange demon (Gauntlet)
  An apocalypse crab (Gauntlet)
  A gargoyle (D:11)
  A tengu conjurer (D:15)
  A tormentor (Depths:1)
  A hellion (Gauntlet)
  An ice devil (Lair:3)
  A yaktaur (Vaults:3)
  5 guardian mummies (Crypt:3)
  A hornet (D:10)
  A jumping spider (Spider:2)
  A bog body (Swamp:3)
  A hippogriff (D:9)
  A hippogriff (shapeshifter) (Gauntlet)
  3 shadows (Crypt:3)
  A tarantella (Spider:2)
  4 small abominations (Crypt:3)
  A water elemental (Elf:3)
  A wraith (Crypt:3)
  A hog (shapeshifter) (Elf:3)
  2 vampire mosquitoes (Swamp:3)
  A spatial vortex (Elf:3)
  A soldier ant (shapeshifter) (Gauntlet)
  A hell hound (Gauntlet)
  A swamp drake (Swamp:3)
  A floating eye (shapeshifter) (Gauntlet)
  6 ogres
  A briar patch (Swamp:4)
  2 crawling corpses (Elf:3)
  7 fungi
  40 plants
  45 starspawn tentacles
230 creatures vanquished.

Grand Total: 2612 creatures vanquished

Notes
Turn   | Place    | Note
-------+----------+-------------------------------------------
     0 | Abyss:1  | mortelune the Formicid Abyssal Knight began the quest for
                  | the Orb.
     0 | Abyss:1  | Reached XP level 1. HP: 18/18 MP: 2/2
    54 | D:1      | Escaped the Abyss
   204 | D:1      | Reached * piety under Lugonu
   223 | D:1      | Reached XP level 2. HP: 24/24 MP: 3/3
   679 | D:2      | Reached XP level 3. HP: 30/30 MP: 4/4
   704 | D:2      | Reached XP level 4. HP: 17/37 MP: 5/5
  1179 | D:2      | Reached skill level 4 in Fighting
  1755 | D:3      | Found an ornate altar of the Wu Jian Council.
  1760 | D:3      | Noticed a water elemental
  1764 | D:3      | Found a stormy altar of Qazlal.
  1765 | D:3      | Noticed an air elemental
  1765 | D:3      | Noticed an earth elemental
  1765 | D:3      | Noticed a fire elemental
  2056 | D:3      | Reached XP level 5. HP: 40/42 MP: 6/6
  3087 | D:4      | Reached ** piety under Lugonu
  3233 | D:4      | Reached skill level 5 in Long Blades
  3233 | D:4      | Reached XP level 6. HP: 44/50 MP: 7/7
  3669 | D:4      | Found a runed translucent gate.
  3669 | D:4      | Found a runed translucent gate.
  3669 | D:4      | Found a runed translucent gate.
  3671 | D:4      | Noticed Apogee's ghost (amateur HOGl)
  3756 | D:3      | Reached skill level 5 in Fighting
  4069 | D:4      | Reached XP level 7. HP: 29/56 MP: 8/8
  4397 | D:5      | Entered Level 5 of the Dungeon
  4441 | D:5      | Found a transporter.
  4504 | D:5      | Found a staircase to the Ecumenical Temple.
  4644 | D:5      | Found a blossoming altar of Fedhas.
  4657 | D:5      | Found a radiant altar of Vehumet.
  5194 | D:5      | Found a transporter.
  5195 | D:5      | Noticed drasked's ghost (amateur SpEn)
  5336 | D:6      | Reached XP level 8. HP: 48/64 MP: 9/9
  5466 | D:6      | Reached skill level 6 in Fighting
  5681 | D:6      | Found a burning altar of Makhleb.
  6748 | D:7      | Reached skill level 5 in Armour
  6751 | D:7      | Found a basalt altar of Yredelemnul.
  6986 | D:7      | Reached XP level 9. HP: 46/71 MP: 10/10
  7157 | D:7      | Found a shimmering altar of Xom.
  7157 | D:7      | Found a sparkling altar of Nemelex Xobeh.
  7164 | D:7      | Noticed Prince Ribbit
  7790 | D:6      | Killed Prince Ribbit
  7790 | D:6      | Reached skill level 7 in Fighting
  8140 | D:7      | Found a bloodstained altar of Trog.
  8887 | D:7      | Reached *** piety under Lugonu
 10077 | D:8      | Reached XP level 10. HP: 73/80 MP: 13/13
 10137 | D:8      | Reached skill level 1 in Shields
 10137 | D:8      | Reached skill level 5 in Invocations
 10145 | D:8      | Reached skill level 8 in Fighting
 10370 | D:8      | Noticed a two-headed hydra
 10375 | D:8      | Killed a one-headed hydra
 10375 | D:8      | Reached skill level 10 in Long Blades
 10743 | D:8      | Found a sacrificial altar of Ru.
 10873 | D:8      | Identified a scroll of acquirement
 10873 | D:8      | Acquired a +1 tower shield of reflection
 10886 | D:9      | Found Ydesoker's Jewellery Shop.
 10973 | D:9      | Noticed Joseph
 10994 | D:9      | Killed Joseph
 11287 | D:9      | Identified Sif Muna's Almanac of Dark Poison
 11506 | D:9      | Reached XP level 11. HP: 68/87 MP: 14/16
 11534 | D:9      | Reached **** piety under Lugonu
 11535 | D:9      | Reached skill level 9 in Fighting
 11608 | D:9      | Found a hide-covered altar of Uskayaw.
 11647 | D:9      | Found Roatten's Distillery.
 11652 | D:9      | Bought a potion of heal wounds for 65 gold pieces
 11652 | D:9      | Bought a potion of resistance for 130 gold pieces
 11687 | D:9      | Found Sicve's General Store.
 11784 | D:9      | Found Tiottof's Antique Armour Boutique.
 11885 | D:9      | Reached skill level 5 in Shields
 11926 | D:9      | Bought a pair of embroidered boots for 210 gold pieces
 12130 | D:10     | Entered Level 10 of the Dungeon
 12705 | D:10     | Noticed an oklob plant
 13718 | D:10     | Found a staircase to the Lair.
 14160 | D:11     | Noticed a brown ugly thing
 14161 | D:11     | Banished a brown ugly thing
 14322 | D:11     | Noticed Nergalle
 14333 | D:11     | Banished Nergalle
 14338 | D:11     | Noticed a manticore
 14344 | D:11     | Banished a manticore
 14515 | D:11     | Reached skill level 10 in Fighting
 14592 | D:11     | Reached XP level 12. HP: 59/97 MP: 18/18
 14760 | D:11     | Noticed a skeletal warrior
 14761 | D:11     | Noticed a skeletal warrior
 14763 | D:11     | Noticed a skeletal warrior
 14764 | D:11     | Noticed a skeletal warrior
 14765 | D:11     | Noticed a skeletal warrior
 14766 | D:11     | Banished a skeletal warrior
 14777 | D:11     | Banished a skeletal warrior
 15192 | Lair:1   | Entered Level 1 of the Lair of Beasts
 15266 | Lair:1   | Noticed Gastronok
 15414 | Lair:1   | Killed Gastronok
 18857 | Lair:3   | Reached XP level 13. HP: 89/105 MP: 20/20
 18889 | Lair:3   | Reached skill level 11 in Fighting
 18889 | Lair:3   | Reached skill level 10 in Invocations
 19051 | Lair:3   | Found a frozen archway.
 19090 | IceCv    | Entered an ice cave
 20805 | IceCv    | Found the +1 cloak of Starlight {rElec rC+ EV+4 Stlth--}
 20819 | IceCv    | Got a distressingly furry scale mail
 21009 | IceCv    | Identified the cursed +1 scale mail "Guscharal" {rF+ rN+
                  | MP+9} (You found it in an ice cave)
 21463 | Lair:3   | Found a staircase to the Swamp.
 21846 | Lair:3   | Found a hole to the Spider Nest.
 23106 | D:9      | Bought a scroll of remove curse for 45 gold pieces
 23709 | Lair:5   | Got a crude long sword
 23710 | Lair:5   | Identified the +9 long sword "Hiusolan" {speed, rElec rF+
                  | rC- MP+9} (You found it on level 5 of the Lair of Beasts)
 23885 | Lair:5   | Reached skill level 12 in Fighting
 24086 | Lair:5   | Reached XP level 14. HP: 85/115 MP: 22/22
 24292 | Lair:5   | Found a staircase to the Slime Pits.
 24296 | Lair:5   | Found a viscous altar of Jiyva.
 24656 | Lair:5   | Got a steaming scale mail
 24667 | Lair:5   | Identified the cursed +0 scale mail of Suownuy {*Drain rF++
                  | rCorr} (You found it on level 5 of the Lair of Beasts)
 24684 | Lair:6   | Entered Level 6 of the Lair of Beasts
 25025 | Lair:6   | Got a jet-encrusted ring mail
 25136 | Lair:6   | Reached ***** piety under Lugonu
 25554 | Lair:6   | Reached skill level 10 in Shields
 25625 | Lair:6   | Noticed a dire elephant
 26303 | Lair:6   | Killed a dire elephant
 26303 | Lair:6   | Reached skill level 10 in Armour
 26912 | Lair:6   | Reached skill level 13 in Fighting
 27361 | D:11     | Found a staircase to the Orcish Mines.
 27396 | D:11     | Noticed Erolcha
 27406 | D:11     | Killed Erolcha
 27645 | D:11     | Found a sparkling altar of Nemelex Xobeh.
 27942 | D:12     | Noticed Jorgrun
 27956 | D:11     | Corrupted D:11
 27956 | D:11     | Noticed a tentacled starspawn
 27956 | D:11     | Noticed a starcursed mass
 27956 | D:11     | Noticed a bone dragon
 27956 | D:11     | HP: 3/118 [Jorgrun/iron shot (35)]
 27960 | D:11     | Killed Jorgrun
 28248 | D:12     | Reached XP level 15. HP: 123/123 MP: 24/24
 28295 | D:12     | Identified the +4 ring mail "Onyckun" {+Fly Str-5 Dex+3
                  | SInv} (You found it on level 6 of the Lair of Beasts)
 29190 | D:12     | Found a bloodstained altar of Trog.
 29460 | D:12     | You are sucked into a shaft and drop 2 floors!
 30457 | D:13     | Reached ****** piety under Lugonu
 31024 | D:14     | Found Huckackanut's Antique Weapon Emporium.
 31133 | D:14     | Found a gate to the Vaults.
 31876 | Orc:1    | Entered Level 1 of the Orcish Mines
 31890 | Orc:1    | Reached skill level 14 in Fighting
 32607 | Orc:2    | Entered Level 2 of the Orcish Mines
 32642 | Orc:2    | Noticed a stone giant
 32745 | Orc:2    | Found a staircase to the Elven Halls.
 32745 | Orc:2    | Noticed an orc warlord
 33080 | Orc:1    | Reached skill level 1 in Throwing
 33320 | Orc:1    | Killed an orc warlord
 33489 | Orc:1    | Reached XP level 16. HP: 133/133 MP: 26/26
 35234 | Orc:1    | Found a runed translucent door.
 35236 | Orc:1    | Noticed Xenophilius's ghost (journeyman MfFi)
 35262 | Orc:1    | Killed Xenophilius's ghost
 35493 | Orc:2    | Reached skill level 5 in Dodging
 35493 | Orc:2    | Reached XP level 17. HP: 137/140 MP: 27/27
 35668 | Orc:2    | Found Kimimp's Distillery.
 35690 | Orc:2    | Found Efrur's Distillery.
 35691 | Orc:2    | Found Izxuika's Magic Scroll Boutique.
 35696 | Orc:2    | Found Fosilibb's Food Shoppe.
 35705 | Orc:2    | Found Pickusm's Jewellery Shop.
 36012 | Orc:2    | Bought a potion of heal wounds for 80 gold pieces
 36012 | Orc:2    | Bought a potion of resistance for 160 gold pieces
 36012 | Orc:2    | Bought a potion of mutation for 128 gold pieces
 36024 | Orc:2    | Bought a potion of might for 52 gold pieces
 36024 | Orc:2    | Bought a potion of curing for 39 gold pieces
 36024 | Orc:2    | Bought a potion of curing for 39 gold pieces
 36024 | Orc:2    | Bought a potion of heal wounds for 65 gold pieces
 36024 | Orc:2    | Bought a potion of resistance for 130 gold pieces
 36024 | Orc:2    | Bought a potion of mutation for 104 gold pieces
 36024 | Orc:2    | Bought 2 potions of heal wounds for 130 gold pieces
 36093 | D:9      | Bought a shiny plate armour for 728 gold pieces
 36191 | D:15     | Entered Level 15 of the Dungeon
 36195 | D:15     | Found a gate leading to a gauntlet.
 36255 | Gauntlet | Entered a Gauntlet
 36255 | Gauntlet | Found a transporter.
 36523 | Gauntlet | Found a transporter.
 36539 | Gauntlet | Found a transporter.
 36543 | Gauntlet | Found a transporter.
 36553 | Gauntlet | Found a transporter.
 36577 | Gauntlet | Found a transporter.
 36590 | Gauntlet | Found a transporter.
 36620 | Gauntlet | Found a transporter.
 36620 | Gauntlet | Found a transporter.
 36626 | Gauntlet | Found a transporter.
 36659 | Gauntlet | Found a transporter.
 36659 | Gauntlet | Found a transporter.
 36701 | Gauntlet | Corrupted Gauntlet
 36879 | Gauntlet | Got a pair of dazzling boots
 36890 | Gauntlet | Identified the cursed +0 pair of boots of Valour {rN+
                  | Int+6} (You found it in a Gauntlet)
 36938 | Gauntlet | Got a dazzling hand crossbow
 36939 | Gauntlet | Identified the +5 hand crossbow of True Grit {elec, rF+++
                  | rC- Str+9 Int-5} (You found it in a Gauntlet)
 37389 | Gauntlet | Identified the +3 war axe "Xaudim" {vorpal, rElec Int+4
                  | Stlth-}
 37389 | Gauntlet | Identified the +8 hand crossbow of Pain and Death {flame,
                  | rElec rF+ Int+2}
 38169 | D:15     | Found a staircase to the Depths.
 38221 | D:15     | Reached skill level 15 in Fighting
 38305 | D:15     | Reached skill level 5 in Throwing
 39185 | Swamp:1  | Entered Level 1 of the Swamp
 39376 | Swamp:1  | Reached XP level 18. HP: 118/149 MP: 29/29
 39529 | Swamp:1  | Identified the +1 trident "Olapomiz" {freeze, MR+} (You
                  | found it on level 1 of the Swamp)
 39822 | Swamp:1  | Reached skill level 15 in Invocations
 39871 | Swamp:1  | Found a shimmering altar of Xom.
 42043 | Swamp:3  | Noticed Pesk's ghost (adept GnWn)
 42065 | Swamp:3  | Found a runed translucent gate.
 42065 | Swamp:3  | Found a runed translucent gate.
 42067 | Swamp:3  | Found a runed translucent gate.
 42113 | Swamp:3  | Reached skill level 16 in Fighting
 42924 | Swamp:3  | Corrupted Swamp:3
 42974 | Swamp:3  | Killed Pesk's ghost
 43022 | Swamp:3  | Noticed a profane servitor
 43275 | Swamp:3  | Identified the +3 hunting sling of Gallantry {venom, *Slow
                  | rElec Str-5 Dex+8} (You found it on level 3 of the Swamp)
 43304 | Swamp:4  | Entered Level 4 of the Swamp
 44977 | Swamp:4  | Reached XP level 19. HP: 41/159 MP: 30/30
 45771 | Swamp:4  | Found a basalt altar of Yredelemnul.
 45875 | Swamp:4  | Found a blossoming altar of Fedhas.
 46973 | Orc:2    | Bought an uncursed ring of resist corrosion for 360 gold
                  | pieces
 47480 | Swamp:4  | Got a decaying rune of Zot
 47662 | Spider:1 | Entered Level 1 of the Spider Nest
 47662 | Spider:1 | Noticed Azrael
 47947 | Lair:3   | Killed Azrael
 47995 | Lair:3   | Reached skill level 17 in Fighting
 48335 | Spider:1 | Reached skill level 15 in Shields
 49220 | Spider:1 | Noticed Nikola
 49306 | Spider:1 | Killed Nikola
 49943 | Spider:2 | Identified Roxanne's Almanac of Changing
 49943 | Spider:2 | Noticed Roxanne
 50353 | Spider:2 | Noticed Arachne
 50382 | Spider:2 | Killed Arachne
 51106 | Spider:3 | Noticed Asterion
 51150 | Spider:3 | Killed Asterion
 51334 | Spider:3 | Reached skill level 18 in Fighting
 51789 | Spider:4 | Entered Level 4 of the Spider Nest
 52132 | Spider:4 | Reached XP level 20. HP: 157/171 MP: 32/32
 52389 | Spider:4 | Reached skill level 15 in Armour
 53245 | Spider:4 | Got a gossamer rune of Zot
 53739 | Vaults:1 | Entered Level 1 of the Vaults
 54458 | Vaults:1 | Found Xetaoqug's Antique Armour Boutique.
 54461 | Vaults:1 | Found Zamol's Food Boutique.
 54478 | Vaults:1 | Reached skill level 15 in Long Blades
 54629 | Vaults:1 | Reached skill level 19 in Fighting
 54883 | Vaults:1 | Found Bekh's Weapon Shop.
 54951 | Vaults:1 | Found Veuduf's Book Boutique.
 55536 | Vaults:2 | Reached skill level 1 in Crossbows
 55746 | Vaults:2 | Found a runed translucent door.
 56641 | Vaults:2 | Noticed Frederick
 56676 | Vaults:2 | Killed Frederick
 57089 | Vaults:2 | Reached XP level 21. HP: 180/180 MP: 33/33
 57542 | Vaults:2 | Found a staircase to the Crypt.
 57603 | Vaults:2 | Reached skill level 5 in Crossbows
 57817 | Vaults:2 | Noticed Sojobo
 58669 | Vaults:2 | Killed Sojobo
 59042 | Vaults:2 | Acquired a manual of Translocations
 59286 | Vaults:2 | Noticed Isedumueph's ghost (veteran HuFi)
 59364 | Vaults:2 | Killed Isedumueph's ghost
 59718 | Vaults:2 | Got a smoking marble ring
 59719 | Vaults:2 | Identified the ring "Onoxt" {Wiz Int+5} (You found it on
                  | level 2 of the Vaults)
 59862 | Vaults:3 | Noticed Margery
 59978 | Vaults:2 | Killed Margery
 60607 | Vaults:3 | Noticed Jory
 60661 | Vaults:3 | Killed Jory
 61334 | Vaults:3 | Noticed Mara
 61343 | Vaults:3 | Noticed mortelune's illusion
 61415 | Vaults:3 | Corrupted Vaults:3
 61418 | Vaults:3 | Killed Mara
 62603 | Vaults:3 | Reached XP level 22. HP: 173/190 MP: 35/35
 63046 | Vaults:3 | Reached skill level 20 in Fighting
 63453 | Vaults:3 | Noticed Saint Roka
 63903 | Vaults:2 | Killed Saint Roka
 64266 | Vaults:3 | Reached skill level 10 in Crossbows
 65858 | Vaults:4 | Gained mutation: Potions are less effective at restoring
                  | your health. [a neqoxec]
 67434 | Vaults:4 | Reached XP level 23. HP: 198/198 MP: 36/36
 67651 | Elf:1    | Entered Level 1 of the Elven Halls
 68245 | Elf:1    | Identified the Compendium of Evil Arts
 69217 | Elf:2    | Acquired the amulet of Vegryebu {Acrobat MR++ Int+5}
 69421 | Elf:2    | Found a runed translucent gate.
 69421 | Elf:2    | Found a runed translucent gate.
 69421 | Elf:2    | Found a runed translucent gate.
 70712 | Elf:3    | Entered Level 3 of the Elven Halls
 70712 | Elf:3    | Noticed Donald
 70734 | Elf:3    | Killed Donald
 71033 | Elf:3    | Identified the +2 scale mail of the Cobbler {rC+ Str+5}
                  | (You found it on level 3 of the Elven Halls)
 71353 | Elf:3    | Corrupted Elf:3
 71932 | Elf:3    | Identified the quicksilver dragon scales of Ytoaj {rC+ MR+
                  | rCorr} (You found it on level 3 of the Elven Halls)
 71959 | Elf:3    | Identified the +2 quarterstaff of the Hummingbird {drain,
                  | rF+ rC+ Int+3 Dex+2} (You found it on level 3 of the Elven
                  | Halls)
 71976 | Elf:3    | Got a flickering platinum ring
 71979 | Elf:3    | Identified the ring "Noexont" {Wiz *Drain rPois rC+} (You
                  | found it on level 3 of the Elven Halls)
 72530 | Depths:1 | Entered Level 1 of the Depths
 73061 | D:15     | Reached skill level 21 in Fighting
 73280 | Depths:1 | You are sucked into a shaft and drop 1 floor!
 73355 | Depths:1 | Found a one-way gate leading to the halls of Pandemonium.
 73367 | Depths:1 | Reached XP level 24. HP: 57/208 MP: 32/36
 73962 | Depths:1 | Found a gateway to Hell.
 74242 | Depths:1 | Found a gateway to a ziggurat.
 74683 | Depths:1 | Found a one-way gate to the infinite horrors of the Abyss.
 74826 | Depths:1 | Found an ancient bone altar of Kikubaaqudgha.
 77015 | Depths:2 | Found a portal to a secret trove of treasure.
 77362 | Depths:2 | Identified the ring of Sonif {*Tele rF+ MP+9 Dex+2 Stlth+}
 77363 | Depths:2 | Identified the amulet of Tewotz {Acrobat *Slow rN++ SInv}
 77370 | Depths:2 | Identified the ring of Sutaseov {MR+ Dex+6}
 77373 | Depths:2 | Identified the ring "Xibos" {+Fly rElec}
 78309 | Depths:3 | Reached XP level 25. HP: 216/216 MP: 36/36
 78350 | Depths:3 | Noticed a caustic shrike
 78367 | Depths:3 | Noticed a caustic shrike
 78369 | Depths:3 | Killed a caustic shrike
 78378 | Depths:3 | Banished a caustic shrike
 78425 | Depths:3 | Reached skill level 22 in Fighting
 79410 | Depths:3 | Found Eplulita's Elemental Accessories.
 80348 | Depths:4 | Noticed a juggernaut
 80965 | Depths:3 | Killed a juggernaut
 82411 | Depths:2 | You paid a toll of +2 ice dragon scales to enter a treasure
                  | trove
 82412 | Trove    | Entered a treasure trove
 82426 | Trove    | Identified the +2 ring mail of Midwinter {Harm rPois Regen+
                  | rCorr} (You found it in a treasure trove)
 82430 | Trove    | Got a glittering silver ring
 82431 | Trove    | Identified the ring of Roof {rElec rN+ Int+4 SInv Stlth+}
                  | (You found it in a treasure trove)
 83030 | Depths:4 | Reached XP level 26. HP: 217/226 MP: 36/36
 83814 | Depths:5 | Entered Level 5 of the Depths
 83840 | Depths:4 | Reached skill level 23 in Fighting
 84457 | Depths:5 | Found a gate to the Realm of Zot.
 85022 | Depths:5 | Learned a level 2 spell: Shroud of Golubria
 85027 | Depths:5 | Learned a level 4 spell: Passage of Golubria
 85267 | Crypt:1  | Entered Level 1 of the Crypt
 85451 | Crypt:1  | Acquired the ring of Qoblusi {rF++ rC+ Int-2 Dex+4 SInv}
 85714 | Crypt:1  | Found the +0 pair of fencer's gloves {Riposte Dex+3}
 85714 | Crypt:1  | Found a shimmering blue altar of Sif Muna.
 85718 | Crypt:1  | Found a transporter.
 85726 | Crypt:1  | Noticed an ancient lich
 85858 | Crypt:1  | Found a basalt altar of Yredelemnul.
 86169 | Crypt:1  | Noticed an ancient lich
 86227 | Crypt:1  | Corrupted Crypt:1
 86243 | Crypt:1  | Killed an ancient lich
 86279 | Crypt:1  | Killed an ancient lich
 86618 | Crypt:1  | Found a transporter.
 86887 | Crypt:2  | Reached XP level 27. HP: 236/236 MP: 36/36
 87042 | Crypt:2  | Noticed Boris
 87052 | Crypt:2  | Killed Boris
 87069 | Crypt:3  | Entered Level 3 of the Crypt
 87194 | Crypt:3  | Found a basalt altar of Yredelemnul.
 87394 | Crypt:3  | Reached skill level 24 in Fighting
 87483 | Crypt:3  | Noticed Boris
 87499 | Crypt:3  | Killed Boris
 87516 | Crypt:3  | Corrupted Crypt:3
 88165 | Crypt:3  | Noticed Khufu
 88177 | Crypt:3  | Killed Khufu
 88178 | Crypt:3  | Found a staircase to the Tomb.
 89114 | Vaults:5 | Entered Level 5 of the Vaults
 89132 | Vaults:5 | Identified the +2 robe of Indomitability {rElec rPois MR+
                  | MP+9}
 89729 | Vaults:4 | Reached skill level 25 in Fighting
 90171 | Vaults:5 | Identified the +4 great sword of Makhleb's Whim {elec,
                  | +Blink rN++ Dex-3 Stlth+}
 90438 | Vaults:5 | Identified the ring of Ephemeral Luck {rPois rF+ rC+}
 91107 | Vaults:5 | Noticed an ancient lich
 91123 | Vaults:5 | Killed an ancient lich
 91235 | Vaults:5 | Identified the ring of Viomnako {rF+ MR+}
 91335 | Vaults:5 | Reached skill level 1 in Short Blades
 91674 | Vaults:5 | Identified the amulet of Accord {Inacc rN+ Stlth+} (You
                  | found it on level 5 of the Vaults)
 91809 | Vaults:5 | Identified the +7 hand axe "Qaliheqiar" {vorpal, Dex+5}
 91904 | Vaults:5 | Got a silver rune of Zot
 92290 | Zot:1    | Entered Level 1 of the Realm of Zot
 93867 | Zot:2    | Reached skill level 10 in Dodging
 94422 | Zot:3    | Identified the +4 dragonskin cloak
 94422 | Zot:3    | Noticed Tiamat
 94511 | Zot:2    | Killed Tiamat
 95142 | Zot:3    | Reached skill level 26 in Fighting
 97317 | Zot:3    | Noticed a shard shrike
 97326 | Zot:3    | Killed a shard shrike
 97772 | Zot:3    | Noticed a shard shrike
 97778 | Zot:3    | Killed a shard shrike
 98460 | Zot:4    | Identified the +8 long sword "Pecokof" {speed, *Contam
                  | rPois rC++ Int-2 Stlth+} (You found it on level 4 of the
                  | Realm of Zot)
 98653 | Zot:5    | Entered Level 5 of the Realm of Zot
 99001 | Zot:5    | Noticed an ancient lich
 99028 | Zot:5    | Killed an ancient lich
 99263 | Zot:5    | Noticed an orb of fire
 99265 | Zot:5    | Noticed a Killer Klown
 99265 | Zot:5    | Noticed an orb of fire
 99265 | Zot:5    | Gained mutation: Your body sometimes deteriorates upon
                  | taking damage. [an orb of fire]
 99267 | Zot:5    | Corrupted Zot:5
 99267 | Zot:5    | Gained mutation: Scrolls take you a little longer to read.
                  | [an orb of fire]
 99267 | Zot:5    | Noticed an orb of fire
 99269 | Zot:5    | Noticed an orb of fire
 99269 | Zot:5    | Noticed an orb of fire
 99272 | Zot:5    | Gained mutation: Armour fits poorly on your strangely
                  | shaped body. [an orb of fire]
 99280 | Zot:5    | Noticed an orb of fire
 99287 | Zot:5    | Gained mutation: You do not regenerate when monsters are
                  | visible. [an orb of fire]
 99287 | Zot:5    | Gained mutation: You are frail. (-10% HP) [an orb of fire]
 99290 | Zot:5    | Noticed an orb of fire
 99292 | Zot:5    | HP: 9/222 [orb of fire/bolt of fire (6)]
 99293 | Zot:5    | Killed from afar by an orb of fire

Illustrated notes

Levels and vault maps discovered:
D:1:      dpeg_arrival_tiny_d, layout_rooms, minmay_distorted
D:2:      layout_loops_ring, first_ration
D:3:      layout_basic, nicolae_qazlal_style_of_elements, lemuel_doored_altar
D:4:      layout_basic, ebering_ghost_rock_garden
D:5:      layout_rooms, vehumet_crystals, minmay_temple_entry_crystal_x,
          gammafunk_ghost_mausoleum, minivault_19, abandoned_shop,
          dk_noncrumbling_4, minmay_statues_item, fedhas_altar_3
D:6:      layout_cave_pods, lemuel_round_altar, serial_glass, glass_columns_a,
          glass_columns_c, glass_columns_b, glass_columns_a
D:7:      layout_rooms, nicolae_overflow_hidden_temple, old_standard_altar,
          gammafunk_temple_overflow_wave, uniq_prince_ribbit1
D:8:      layout_rooms, hangedman_ranch [blue_anna_fruit_fields],
          nicolae_ru_the_path_less_chosen
D:9:      hangedman_cross_stitches, layout_cross, kennysheep_mini_moat,
          serial_shops, nicolae_shop_waterfront, kennysheep_mini,
          nicolae_shop_temple_entry_statues_fountains, kennysheep_little_box,
          uniq_joseph
D:10:     layout_basic, dpeg_oklobed_lair
D:11:     layout_irregular_city, erik_orc_4, nemelex_diamond_rough_becter,
          uniq_erolcha, uniq_nergalle
D:12:     layout_loops_ring, basic_altar, uniq_jorgrun
D:13:     layout_roguey
D:14:     layout_small_grid, david_vaults_1, serial_shops, nicolae_shop_stone,
          chequers_serial_rivers_large_b, kennysheep_decorative_pillar
D:15:     hangedman_depths_entry_civil_slaughter, layout_long_grid,
          gauntlet_entry_generic, corexii_leaking_fountain,
          lightli_fourway_metalbox
Lair:1:   layout_hall_layers, cheibrodos_lair_lostbears, uniq_gastronok
Lair:2:   layout_cave_pods, infiniplex_staircase_pool
Lair:3:   layout_gridlike, minmay_swamp_entry_worms,
          spider_nest_entry_funnel_web, portal_ice_cave_demonic_guard
Lair:4:   layout_roguey
Lair:5:   layout_regular_city, slime_altar_1, lemuel_fruit_tree
Lair:6:   hangedman_lair_caniforms_friends, layout_cellular_growth,
          guppyfry_lair_end_dragon
Swamp:1:  layout_basic_swamp, basic_altar
Swamp:2:  layout_basic_swamp, evilmike_swamp_ruin_house_1, swamp_pool4
Swamp:3:  layout_falls_marsh, gammafunk_ghost_split, nicolae_swamp_little_tower,
          swamp_pool1, worms_lemuel
Swamp:4:  byrel_swamp_growth_death_and_undeath, layout_basic_swamp
Spider:1: layout_spider_delve, nicolae_spider_shape,
          hangedman_spider_tarantella_strand, uniq_nikola, uniq_azrael
Spider:2: layout_spider_delve, guppyfry_spider_mini_1, uniq_roxanne,
          uniq_arachne
Spider:3: layout_spider_delve, nicolae_spider_cling_ruins, uniq_asterion
Spider:4: grunt_spider_rune_parallel
Orc:1:    layout_caves, ebering_ghost_inner_flame, mines3_lemuel
Orc:2:    st_orc_open, layout_caves, guppyfry_orc_lava_fort
Elf:1:    eino_elf_arrival_customs, layout_geoelf_diagonals,
          minmay_elf_necromancy, drop_trap, serial_sigils_hangedman_stare,
          nicolae_wwwww, st_stairs_11
Elf:2:    layout_geoelf_octagon
Elf:3:    minmay_elf_hall_curves, layout_geoelf_octagon,
          fake_guardian_serpent_vault, uniq_donald
Vaults:1: hangedman_vaults_locks, v_misc_19, vaults_room_octagon, v_misc_4,
          vaults_dpeg_hooks, nicolae_vaults_little_ls, v_alt_pattern_3,
          ontoclasm_vaults_ligature, ontoclasm_vaults_gateway, st_smaller_cells,
          vaults_room_ringed_pool, ontoclasm_vaults_ring_small,
          ontoclasm_vaults_pinch, layout_vaults_omnibox, serial_shops, shop,
          shop, shop, nicolae_shop_stone
Vaults:2: ebering_vaults_ghost_reflecting_pool, nicolae_vaults_big_ls,
          nicolae_vaults_three_branches, v_alt_pattern_2, grunt_vaults_twisty,
          minmay_crypt_entry_simple_sparse, vaults_room_stairs_pillars,
          grunt_vaults_diagonal, vaults_room_door_hall,
          vaults_dpeg_encased_lava, nicolae_vaults_mini_display_case,
          nicolae_vaults_little_squares_4, vaults_dpeg_ring,
          layout_vaults_quadrants, uniq_sojobo, uniq_frederick
Vaults:3: st_cells, dpeg_vaults_monster_row, nicolae_vaults_shelves_hall,
          nicolae_vaults_angled_halls, v_pattern_5,
          nicolae_vaults_circle_grid_a, v_misc_22, v_misc_27,
          ontoclasm_vaults_eye, ontoclasm_vaults_fault,
          vaults_standard_mumra_enter_the_diamond,
          nicolae_vaults_inception_scallops, nicolae_vaults_little_squares_3,
          layout_vaults_maze_snakey, uniq_margery, uniq_saint_roka, uniq_mara,
          uniq_jory
Vaults:4: hangedman_vaults_restitches, v_misc_4, nicolae_vaults_specimen_jars,
          nicolae_vaults_little_squares_2, nicolae_vaults_an_arrangement,
          v_misc_1, ontoclasm_vaults_hangar, v_misc_5, v_misc_18,
          vaults_room_semicircle, v_misc_22, nicolae_vaults_rhombus_6,
          nicolae_vaults_asterisk, layout_vaults_omnicross
Vaults:5
Crypt:1:  gammafunk_sealed_library, layout_catacombs, basic_altar,
          grunt_ministairs_15
Crypt:2:  layout_rooms, uniq_boris
Crypt:3:  grunt_crypt_end_deaths_head
Depths:1: evilmike_negative_zone, layout_cave_pools, enter_ziggurat_b,
          hell_entry, chequers_hall_statues_wall_a, minmay_room_of_horrors,
          rand_demon_pan_entry_4, dispersion_dpeg
Depths:2: minmay_the_grid_triangle_9x9_rhombus_thin
          [minmay_the_grid_triangle_9x9_limited_checkers,
          minmay_the_grid_triangle_9x9_prize_special,
          minmay_the_grid_triangle_9x9_empty,
          minmay_the_grid_triangle_9x9_impossible_snake], layout_long_grid,
          hangedman_abyss_entry_splay, nicolae_trove_entry_path_of_doom,
          minmay_misc_feat_doors, pf_coc_iceberg
Depths:3: hangedman_arch_fort, layout_gridlike, rand_demon_pan_entry_7,
          chequers_serial_rivers_micro_d, hell_entry, nicolae_elemental_shop,
          minmay_crystal_room, minmay_starry_boxes
Depths:4: evilmike_hourglass, layout_cave_pools, pf_hell_entry_great_geh,
          abyss_entry_crystal, hangedman_abyss_or_decor_slice, minmay_holes
Depths:5: grunt_zot_entry_alcove, layout_basic, roderic_roman_lattice,
          hell_entry, abyss_entry, drop_trap
Zot:1:    layout_gridville
Zot:2:    layout_gridlike
Zot:3:    minmay_elemental_castle, layout_twisted_circle, uniq_tiamat
Zot:4:    layout_misc_corridors, grunt_ministairs_1
Zot:5:    layout_misc_corridors, st_stairs_6

Skill      XL: |  1  2  3  4  5  6  7  8  9 10 11 12 13 14 15 16 17 18 19 20 21 22 23 24 25 26 27 |
---------------+----------------------------------------------------------------------------------+-----
Long Blades    | 3 4 5 6 8 9 10 12 13 14 15 16 17 18 19 20 22 | 22.0
Fighting       | 4 5 6 7 8 10 12 13 14 15 16 18 19 20 21 22 23 26 | 26.7
Armour         | 3 5 6 8 10 11 12 13 14 15 16 17 18 19 20 21 23 | 23.5
Invocations    | 4 6 8 9 11 12 13 14 15 16 17 18 19 | 19.0
Shields        | 4 6 8 9 11 12 13 14 15 | 15.0
Throwing       | 1 3 5 7 9 |  9.0
Dodging        | 5 14 | 14.0
Crossbows      | 4 8 11 13 14 | 14.0
Short Blades   | 1 |  1.9

Action                   |  1- 3 |  4- 6 |  7- 9 | 10-12 | 13-15 | 16-18 | 19-21 | 22-24 | 25-27 || total
-------------------------+-------+-------+-------+-------+-------+-------+-------+-------+-------++-------
Melee: Falchion          |    61 |   212 |       |    11 |    28 |    89 |       |       |       ||   401
       Long sword        |       |       |   333 |   813 |  2087 |  1580 |  2437 |  1321 |       ||  8571
       Demon blade       |       |       |       |       |       |       |   146 |    82 |       ||   228
       Great sword       |       |       |       |       |       |       |    38 |       |       ||    38
       Eudemon blade     |       |       |       |       |       |       |       |   793 |  3106 ||  3899
 Fire: Hand crossbow     |       |       |       |       |       |       |    29 |   173 |    83 ||   285
Throw: Boomerang         |       |       |    16 |     3 |     8 |    11 |   120 |       |       ||   158
       Javelin           |       |       |       |       |       |       |     7 |       |    12 ||    19
Invok: Depart the Abyss  |     1 |       |       |       |       |       |       |       |       ||     1
       Banish            |       |       |       |    16 |     1 |    10 |     3 |    15 |     2 ||    47
       Bend Space        |       |       |       |       |     2 |       |     1 |     1 |     1 ||     5
       Corrupt           |       |       |       |       |     1 |     2 |     1 |     1 |     3 ||     8
 Abil: Dig               |       |     1 |       |     9 |    23 |     1 |     5 |     3 |    15 ||    57
Evoke: Wand              |       |       |       |       |     2 |       |     1 |     1 |     4 ||     8
       Phantom mirror    |       |       |       |       |       |     1 |       |       |     1 ||     2
  Use: Potion            |     1 |     2 |       |     3 |     5 |     1 |    12 |     1 |     5 ||    30
       Scroll            |       |       |    14 |    10 |    10 |    11 |     4 |     6 |    32 ||    87
 Stab: Petrified         |       |       |       |       |     2 |     4 |       |       |       ||     6
       Distracted        |       |       |       |       |     1 |     1 |     1 |       |       ||     3
  Eat: Ration            |       |     3 |     5 |     8 |    12 |    10 |    14 |    13 |    17 ||    82
Armor: Chain mail        |    41 |   113 |   161 |   225 |    88 |       |       |       |       ||   628
       Leather armour    |     2 |       |       |       |       |       |       |       |       ||     2
       Scale mail        |       |       |       |       |    73 |       |       |       |       ||    73
       Plate armour      |       |       |       |       |    92 |   356 |   386 |   240 |    80 ||  1154
       Fire dragon scale |       |       |       |       |       |       |    93 |       |       ||    93
       Quicksilver drago |       |       |       |       |       |       |       |    75 |       ||    75
       Gold dragon scale |       |       |       |       |       |       |       |       |   588 ||   588
Dodge: Dodged            |    27 |    72 |   134 |    80 |   327 |   483 |   744 |   778 |  1233 ||  3878
Block: Kite shield       |       |       |     5 |    25 |       |       |       |       |       ||    30
       Tower shield      |       |       |       |   574 |  1564 |  1560 |  2409 |  1904 |  2907 || 10918
       Reflection        |       |       |       |    21 |    27 |    66 |    77 |   128 |   107 ||   426
       Rpst.: Falchion   |     9 |    25 |       |       |     2 |     5 |       |       |       ||    41
       Long sword        |       |       |    43 |    18 |    61 |    63 |   127 |    66 |       ||   378
       Demon blade       |       |       |       |       |       |       |     5 |     2 |       ||     7
       Great sword       |       |       |       |       |       |       |     2 |       |       ||     2
       Eudemon blade     |       |       |       |       |       |       |       |    71 |   304 ||   375

Table legend:
 A = Non-vault XP
 B = Vault XP
 C = Vault XP percentage of total XP
 D = Non-vault monster count
 E = Vault monster count
 F = Vault count percentage of total count
                 A         B        C        D         E       F
            +---------+---------+-------+---------+---------+-------
      Total |  764728 |  764405 |  50.0 |    1457 |     963 |  39.8
            +---------+---------+-------+---------+---------+-------
        D:1 |      21 |       1 |   4.5 |       9 |       1 |  10.0
        D:2 |      85 |       0 |   0.0 |      15 |       0 |   0.0
        D:3 |     276 |       0 |   0.0 |      18 |       0 |   0.0
        D:4 |     154 |       0 |   0.0 |      10 |       0 |   0.0
        D:5 |     466 |       0 |   0.0 |      12 |       0 |   0.0
        D:6 |     888 |     286 |  24.4 |      22 |       1 |   4.3
        D:7 |    1240 |       0 |   0.0 |      32 |       0 |   0.0
        D:8 |     910 |    2127 |  70.0 |      21 |       8 |  27.6
        D:9 |    1290 |    1207 |  48.3 |      18 |      11 |  37.9
       D:10 |    3172 |     734 |  18.8 |      37 |       6 |  14.0
       D:11 |    9111 |    2581 |  22.1 |      36 |      14 |  28.0
       D:12 |    5466 |       0 |   0.0 |      28 |       0 |   0.0
       D:13 |   11061 |       0 |   0.0 |      37 |       0 |   0.0
       D:14 |    6210 |    2192 |  26.1 |      18 |       6 |  25.0
       D:15 |   20604 |    7218 |  25.9 |      58 |      10 |  14.7
     Lair:1 |    2867 |    2832 |  49.7 |      14 |       3 |  17.6
     Lair:2 |    2193 |       0 |   0.0 |      10 |       0 |   0.0
     Lair:3 |    8437 |    7062 |  45.6 |      34 |      22 |  39.3
     Lair:4 |    3318 |       0 |   0.0 |      11 |       0 |   0.0
     Lair:5 |    8137 |       0 |   0.0 |      32 |       0 |   0.0
     Lair:6 |    4305 |   14634 |  77.3 |      14 |      72 |  83.7
    Swamp:1 |   10541 |       0 |   0.0 |      31 |       0 |   0.0
    Swamp:2 |   15014 |       0 |   0.0 |      30 |       0 |   0.0
    Swamp:3 |   10902 |    5771 |  34.6 |      25 |      13 |  34.2
    Swamp:4 |    6006 |   23701 |  79.8 |      20 |      41 |  67.2
   Spider:1 |   11474 |    5031 |  30.5 |      39 |       4 |   9.3
   Spider:2 |   12637 |    5461 |  30.2 |      34 |       8 |  19.0
   Spider:3 |    9372 |    2733 |  22.6 |      27 |       1 |   3.6
   Spider:4 |    5108 |   24105 |  82.5 |      14 |      55 |  79.7
      Orc:1 |   10473 |    8107 |  43.6 |      65 |      14 |  17.7
      Orc:2 |    2492 |   15023 |  85.8 |      23 |      42 |  64.6
      Elf:1 |   17623 |    6156 |  25.9 |      33 |      13 |  28.3
      Elf:2 |   14594 |   20253 |  58.1 |      24 |      26 |  52.0
      Elf:3 |    2148 |   11477 |  84.2 |       5 |       8 |  61.5
   Vaults:1 |    7044 |   20431 |  74.4 |      18 |      28 |  60.9
   Vaults:2 |   19156 |   54731 |  74.1 |      34 |      40 |  54.1
   Vaults:3 |   27285 |   45076 |  62.3 |      48 |      65 |  57.5
   Vaults:4 |   45847 |   44082 |  49.0 |      67 |      36 |  35.0
   Vaults:5 |   13280 |  105502 |  88.8 |      21 |      81 |  79.4
    Crypt:1 |   23037 |     995 |   4.1 |      41 |       2 |   4.7
    Crypt:2 |   13479 |    5876 |  30.4 |      20 |       1 |   4.8
    Crypt:3 |    6185 |   66916 |  91.5 |       1 |     108 |  99.1
   Depths:1 |   39632 |   39307 |  49.8 |      55 |      74 |  57.4
   Depths:2 |   16857 |   12635 |  42.8 |      22 |       9 |  29.0
   Depths:3 |   62496 |   55052 |  46.8 |      71 |      36 |  33.6
   Depths:4 |   48734 |   14859 |  23.4 |      54 |      12 |  18.2
   Depths:5 |   34430 |   19210 |  35.8 |      25 |      15 |  37.5
      Zot:1 |   40610 |       0 |   0.0 |      28 |       0 |   0.0
      Zot:2 |   27173 |   14153 |  34.2 |      18 |       5 |  21.7
      Zot:3 |   54182 |   48231 |  47.1 |      34 |      28 |  45.2
      Zot:4 |   52391 |    2368 |   4.3 |      36 |       2 |   5.3
      Zot:5 |   14315 |   35850 |  71.5 |       8 |      12 |  60.0
      IceCv |       0 |    6030 | 100.0 |       0 |      25 | 100.0
   Gauntlet |       0 |    4409 | 100.0 |       0 |       5 | 100.0
            +---------+---------+-------+---------+---------+-------
